 Dungeon Crawl Stone Soup version 0.27.0-1-g7a089689b8 (webtiles) character file.

Game seed: 15837821882414704166

32 theswoord the Slasher (level 3, -3/27 HPs)
             Began as a Demonspawn Gladiator on Aug 5, 2021.
             Was a Follower of Yredelemnul.
             Slain by a goblin (5 damage)
             ... led by Robin
             ... on level 2 of the Dungeon.
             The game lasted 00:01:19 (1020 turns).

theswoord the Slasher (Demonspawn Gladiator)        Turns: 1020, Time: 00:01:19

Health: -3/27      AC:  3    Str: 15    XL:     3   Next: 8%
Magic:  3/3        EV: 12    Int:  9    God:    Yredelemnul [*.....]
Gold:   20         SH:  0    Dex: 14    Spells: 2/2 levels left

rFire    + . .     SeeInvis .   a - +0 long sword
rCold    + . .     Faith    .   (no shield)
rNeg     . . .     Spirit   .   b - +0 leather armour
rPois    +         Reflect  .   (helmet restricted)
rElec    +         Harm     .   (no cloak)
rCorr    +         Rampage  .   (no gloves)
Will     .....                  (no boots)
Stlth    +.........             (no amulet)
HPRegen  0.09/turn              (no ring)
MPRegen  0.08/turn              (no ring)

@: brilliant, resistant
A: claws 1, horns 1
a: Renounce Religion, Animate Remains


You were on level 2 of the Dungeon.
You worshipped Yredelemnul.
Yredelemnul was aware of your devotion.
You visited 1 branch of the dungeon, and saw 2 of its levels.

You collected 20 gold pieces.

Inventory:

Hand Weapons
 a - a +0 long sword (weapon)
Missiles
 d - 3 throwing nets (quivered)
Armour
 b - a +0 leather armour (worn)
 c - a +0 helmet
Scrolls
 e - a scroll of fog {unknown}
 f - a scroll of vulnerability {unknown}
 g - a scroll of immolation {unknown}
 h - a scroll of magic mapping {unknown}
 k - a scroll of identify {unknown}
Potions
 i - a potion of brilliance
 j - a potion of resistance


   Skills:
 - Level 2.0 Fighting
 + Level 3.9 Long Blades
 - Level 1.7 Throwing
 - Level 2.6 Dodging


You had 2 spell levels left.
You didn't know any spells.
Your spell library was empty.

Dungeon Overview and Level Annotations

Branches:
Dungeon (2/15)

Altars:
Yredelemnul

Annotations:
D:2 Robin


Innate Abilities, Weirdness & Mutations

You have sharp fingernails.
You have a pair of small horns on your head.


Message History

The goblin closely misses you.
Robin hits you from afar with a +0 vorpal spear.
You barely miss the goblin.
The goblin is heavily wounded.
The goblin hits you with a +0 club. The goblin closely misses you.
Robin roars a battlecry!
The goblins go into a battle-frenzy!
The goblin closely misses you.
Unknown command.
You barely miss the goblin.
The goblin is heavily wounded.
The goblin barely misses you.
You riposte.
You closely miss the goblin.
The goblin is heavily wounded.
Robin misses you. The goblin closely misses you.
You riposte.
You miss the goblin. The goblin hits you but does no damage.
You slash the goblin!
You kill the goblin!
Yredelemnul accepts your kill.
Robin hits you from afar with a +0 vorpal spear.
The goblin closely misses you.
You riposte.
You closely miss the goblin.
It was a potion of brilliance.
You feel clever all of a sudden.
Robin roars a battlecry!
The goblin hits you with a +0 club.
It was a potion of resistance.
You feel protected. Robin throws the goblin at you!
* * * LOW HITPOINT WARNING * * *
The goblin barely misses you.
The goblin hits you with a +2 dagger of venom.
* * * LOW HITPOINT WARNING * * *
A hobgoblin comes into view.
You hit the goblin. You headbutt the goblin.
You kill the goblin!
Yredelemnul accepts your kill.
Robin hits you from afar with a +0 vorpal spear.
* * * LOW HITPOINT WARNING * * *
x2 The goblin hits you with a +2 dagger of venom.
You die...
Your body rises from the dead as a mindless zombie. #.# #.# #.# #.# #gg

#g# #)# #@# #g#
# #.#####.#.#
#####.........#
.......><....##
##############


You could see Robin, 2 hobgoblins and a goblin (strong).

Vanquished Creatures
  2 dart slugs (D:1)
  5 ball pythons (D:1)
  A bat (D:1)
  2 giant cockroaches (D:1)
  6 goblins
  2 hobgoblins
  A kobold (D:1)
  2 quokkas (D:1)
  A frilled lizard (D:1)
  4 rats (D:1)
26 creatures vanquished.

Vanquished Creatures (others)
  2 plants (D:1)
2 creatures vanquished.

Grand Total: 28 creatures vanquished

Notes
Turn   | Place    | Note
-------+----------+-------------------------------------------
     0 | D:1      | theswoord the Demonspawn Gladiator began the quest for the
                  | Orb.
     0 | D:1      | Reached XP level 1. HP: 16/16 MP: 1/1
    78 | D:1      | Reached skill level 3 in Long Blades
   155 | D:1      | Found a faded altar of an unknown god.
   173 | D:1      | Became a worshipper of Yredelemnul the Dark
   173 | D:1      | Reached * piety under Yredelemnul
   226 | D:1      | Gained mutation: You have sharp fingernails. [demonic
                  | ancestry]
   226 | D:1      | Reached XP level 2. HP: 21/22 MP: 2/2
  1009 | D:2      | Noticed Robin
  1012 | D:2      | Gained mutation: You have a pair of small horns on your
                  | head. [demonic ancestry]
  1012 | D:2      | Reached XP level 3. HP: 27/27 MP: 3/3
  1020 | D:2      | Slain by a goblin

Skill      XL: |  1 |
---------------+----+-----
Long Blades    | 3 |  3.9
Fighting       | |  2.0
Throwing       | |  1.7
Dodging        | |  2.6

Action                   || total
-------------------------++-------
Melee: Long sword        ||    56
       Headbutt          ||     2
  Use: Potion            ||     2
Armor: Leather armour    ||    18
Dodge: Dodged            ||    54
       Rpst.: Long sword ||    23

Levels and vault maps discovered:
D:1:      dpeg_arrival_central, layout_basic,
          shapermc_ecumenical_altar_mp_urbaneastern, hangedman_decor_riveting,
          minmay_shallow_snake_nest
D:2:      layout_loops_ring, uniq_terence, uniq_robin, uniq_jessica
